 Dungeon Crawl Stone Soup version 0.29.1-2-gbd0b4ee654 (webtiles) character file.

Game seed: 2694936954274315035

17880 DildoBatman the Geomancer (level 12, -4/80 (81) HPs)
             Began as a Formicid Conjurer on Nov 10, 2022.
             Was an Initiate of Gozag.
             Slain by a soul eater (12 damage)
             ... on level 11 of the Dungeon.
             The game lasted 00:42:25 (10289 turns).

DildoBatman the Geomancer (Formicid Conjurer)      Turns: 10289, Time: 00:42:25

HP:   -4/80 (81)    AC: 13    Str: 12    XL:     12   Next: 88%
MP:   15/22         EV: 11    Int: 25    God:    Gozag
Gold: 355           SH:  0    Dex: 16    Spells: 1/25 levels left

rFire   . . .      SeeInvis +   a - +3 trident
rCold   . . .      Faith    +   (no shield)
rNeg    . . .      Spirit   .   T - +0 acid dragon scales
rPois   +          Reflect  .   (helmet unavailable)
rElec   .          Harm     .   U - +0 cloak
rCorr   +          Rampage  .   (no gloves)
Will    +....                   r - +0 pair of boots
Stlth   ++........              g - amulet of faith
HPRegen 0.23/turn               v - +6 ring of intelligence
MPRegen 0.18/turn               k - +4 ring of protection

@: lightly drained
A: permanent stasis, dig shafts and tunnels, antennae 3, four strong arms, sense
surroundings 1, poison resistance
a: Dig, Shaft Self, Renounce Religion, Potion Petition, Call Merchant, Bribe
Branch


You were on level 11 of the Dungeon.
You worshipped Gozag.
Gozag was aware of your devotion.
You visited 3 branches of the dungeon, and saw 14 of its levels.
You also visited: Ossuary.

You collected 690 gold pieces.
You paid 335 gold pieces to Gozag.

Inventory:

Hand Weapons
 a - a +3 trident (weapon)
 b - a +4 long sword
Missiles
 e - 100 stones
 i - 30 poisoned darts (quivered)
 o - 4 boomerangs of dispersal
 t - 7 boomerangs
 w - 6 atropa-tipped darts
 E - 4 curare-tipped darts
 K - 4 throwing nets
Armour
 r - a +0 pair of boots (worn)
 M - a +1 robe of cold resistance
 R - a +1 robe of fire resistance
 T - +0 acid dragon scales (worn)
 U - a +0 cloak (worn)
Magical Staves
 I - a staff of death
Jewellery
 g - an amulet of faith (around neck)
 j - a ring of flight
 k - a +4 ring of protection (right hand)
 m - a ring of protection from cold
 q - a +6 ring of intelligence
 v - a +6 ring of intelligence (left hand)
 O - a ring of magical power
Wands
 n - a wand of mindburst (16)
 x - a wand of flame (18)
 F - a wand of roots (3)
Scrolls
 c - 5 scrolls of immolation
 f - 2 scrolls of enchant weapon {unknown}
 p - 2 scrolls of torment
 s - 2 scrolls of poison {unknown}
 u - 2 scrolls of amnesia {unknown}
 y - 5 scrolls of teleportation {unknown}
 z - 4 scrolls of identify
 B - 4 scrolls of vulnerability {unknown}
 G - a scroll of fear {unknown}
 J - a scroll of summoning {unknown}
 L - 2 scrolls of brand weapon {unknown}
 P - a scroll of enchant armour {unknown}
 Q - a scroll of butterflies {unknown}
Potions
 h - 4 potions of curing
 l - a potion of attraction {unknown}
 A - 2 potions of brilliance {unknown}
 D - 2 potions of degeneration {unknown}
 H - 3 potions of ambrosia {unknown}
 N - 3 potions of magic
 S - a potion of resistance {unknown}


   Skills:
 - Level 3.0 Fighting
 - Level 3.0 Armour
 - Level 2.0 Dodging
 - Level 2.4 Stealth
 - Level 7.0 Spellcasting
 - Level 6.0 Conjurations
 * Level 10.4 Necromancy
 - Level 8.0 Ice Magic
 - Level 6.0 Air Magic
 * Level 10.6 Earth Magic
 - Level 6.0 Poison Magic


You had one spell level left.
You knew the following spells:

 Your Spells              Type           Power      Damage    Failure   Level
a - Borgnjor's Vile Clut  Necr/Erth      28%        N/A       3%          5
b - Frozen Ramparts       Ice            96%        1d15      1%          3
c - Magic Dart            Conj           100%       1d8       1%          1
d - Vampiric Draining     Necr           57%        2d10      1%          3
e - Mephitic Cloud        Conj/Pois/Air  38%        N/A       2%          3
f - Searing Ray           Conj           76%        2d7       1%          2
g - Ignite Poison         Fire/Tmut/Pois 18%        N/A       13%         3
h - Dispel Undead         Necr           57%        3d20      1%          4

Your spell library contained the following spells:

 Spells                   Type           Power      Damage    Failure   Level
 Freeze                   Ice            100%       1d11      1%          1
 Necrotise                Necr           100%       1d9       1%          1
 Passwall                 Tmut/Erth      29%        N/A       1%          2
 Poisonous Vapours        Pois/Air       76%        N/A       1%          2
 Ensorcelled Hibernation  Hex/Ice        56%        N/A       2%          2
 Hailstorm                Conj/Ice       43%        3d10      5%          4
 Dazzling Flash           Conj/Hex       46%        N/A       9%          3
 Anguish                  Hex/Necr       17%        N/A       12%         4
 Freezing Cloud           Conj/Ice/Air   21%        6-21      19%         5
 Death Channel            Necr           28%        N/A       21%         6
 Fulminant Prism          Conj/Hex       11%        3d9       28%         4
 Iskenderun's Mystic Bla  Conj/Tloc      23%        2d6       28%         4
 Summon Lightning Spire   Summ/Air       23%        N/A       28%         4
 Summon Forest            Summ/Tloc      4%         N/A       95%         5
 Summon Mana Viper        Hex/Summ       8%         N/A       95%         5
 Yara's Violent Unravell  Hex/Tmut       4%         3d4       95%         5
 Summon Cactus Giant      Summ           4%         N/A       100%        6
 Haunt                    Necr/Summ      17%        N/A       100%        7
 Storm Form               Tmut/Air       11%        N/A       100%        7
 Borgnjor's Revivificati  Necr           28%        N/A       100%        8
 Infestation              Necr           28%        N/A       100%        8
 Maxwell's Capacitive Co  Air            19%        ∞         100%        8
 Necromutation            Tmut/Necr      17%        N/A       100%        8
 Death's Door             Necr           28%        N/A       100%        9
 Animate Dead             Necr           Unusable   N/A       N/A         4
 Swiftness                Air            Unusable   N/A       N/A         3
 Corpse Rot               Necr/Pois/Air  Unusable   N/A       N/A         4
 Simulacrum               Ice/Necr       Unusable   N/A       N/A         6

Dungeon Overview and Level Annotations

Branches:
Dungeon (12/15)            Temple (1/1) D:6            Lair (0/5) D:10
    Orc (1/2) D:11        Ossuary (visited)

Altars:
Ashenzari
Cheibriados
Dithmenos
Elyvilon
Fedhas
Gozag
Hepliaklqana
Kikubaaqudgha
Makhleb
Nemelex Xobeh
Okawaru
Qazlal
Ru
Sif Muna
Trog
Uskayaw
Vehumet
Wu Jian
Xom
Yredelemnul
Zin
The Shining One

Annotations:
D:10 3 runed translucent doors, Gabide's ghost, novice DrAr
D:12 Frances; Snorg


Innate Abilities, Weirdness & Mutations

You cannot be hasted, slowed, berserked, paralysed or teleported.
You can dig through walls and to a lower floor.
You have a pair of large antennae on your head. (SInv)
Your four strong arms can wield two-handed weapons with a shield.
You passively map a small area around you.
Your system is resistant to poisons. (rPois)


Message History

Confirm with . or Enter, or press ? or * to list all spells.
You ignite the poison in your surroundings!
The orc warrior closely misses you.
The orc warrior barely misses itself.
Adjust (i)tems, (s)pells, or (a)bilities?
Adjust which spell? a - Searing Ray Adjust to which letter? f - Searing Ray a - Borgnjor's Vile Clutch
Casting: Ignite Poison (dangerous; 13% risk of failure)
Confirm with . or Enter, or press ? or * to list all spells.
Aiming: Borgnjor's Vile Clutch (dangerous; 3% risk of failure)
Press: ? - help, Shift-Dir - straight line, f - soul eater, p - orc warrior
Aim: a soul eater (100% to hit)
Zombie hands grab the soul eater.
The zombie hands constrict the soul eater, but do no damage.
The soul eater draws from the surrounding life force!
You feel much better.
The zombie hands constrict the soul eater!
The soul eater misses you.
Your magical contamination has completely faded away.
You hit the soul eater but do no damage.
The soul eater is moderately wounded.
The zombie hands constrict the soul eater!
The soul eater draws from the surrounding life force!
The soul eater is healed.
You hit the soul eater but do no damage.
You punch the soul eater, but do no damage.
The soul eater is moderately wounded.
The zombie hands constrict the soul eater.
The soul eater hits you!
You hit the soul eater but do no damage.
The soul eater is heavily wounded.
The zombie hands constrict the soul eater!
The zombie hands release their grip on the soul eater.
The soul eater hits you but does no damage.
The soul eater hits you!
You die...
Your body crumbles into a pile of gold.

####.# *
###.......).).....
### ##.##*
#####.)......)..
#....##*
##).########
.......### #..##
.........####)##
..........##).# ,
.............##
............)# ,
.....$o@.....## *
......3.......#
..............##
...............#
..............## *
..............#
.............## *
.............#
............## * *


You could see a soul eater and an orc warrior (confused).

Vanquished Creatures
  Harold (D:9)
  2 two-headed ogres
  Sonja (D:12)
  Pikel (D:5)
  An orc knight (Orc:1)
  A deep elf pyromancer (D:11)
  A cyclops (D:12)
  2 orange demons (D:11)
  2 red devils (D:11)
  3 trolls (D:10)
  A hornet (D:8)
  2 shadows
  39 yaks
  A basilisk (D:12)
  4 vampire mosquitoes
  5 acid dragons
  7 orc warriors
  4 ice beasts
  2 sky beasts
  2 black bears (D:5)
  An ogre (Orc:1)
  5 centaurs
  2 phantoms
  4 lemures (D:5)
  2 kobold brigands
  A gnoll sergeant (D:6)
  3 scorpions
  3 necrophages
  4 bullfrogs
  12 wights
  2 howler monkeys
  4 hounds
  A jelly (D:6)
  3 quasits
  2 gnoll boudas
  5 orc priests
  Ijyb (D:3)
  Terence (D:3)
  2 iguanas
  Natasha (thrice) (D:3)
  17 orc wizards
  A mummy (Ossuary)
  12 gnolls
  8 adders
  2 shadow imps
  3 white imps
  2 worms (D:2)
  A dart slug (D:3)
  38 orcs
  3 spectral bats (Ossuary)
  7 endoplasms
  3 giant cockroaches
  12 gnoll zombies (Ossuary)
  5 goblins
  3 hobgoblins
  9 jackals
  3 quokkas
  9 ball pythons
  2 bats
  4 bat simulacra (Ossuary)
  5 frilled lizards
  6 goblin zombies (Ossuary)
  2 hobgoblin zombies (Ossuary)
  13 kobolds
  4 kobold simulacra (Ossuary)
  7 kobold zombies (Ossuary)
  3 orc zombies (Ossuary)
  9 rats
  4 rat simulacra (Ossuary)
  A spectral goblin (Ossuary)
  A spectral kobold (Ossuary)
  3 spectral rats (Ossuary)
345 creatures vanquished.

Vanquished Creatures (others)
  A demonic plant (D:11)
1 creature vanquished.

Grand Total: 346 creatures vanquished

Notes
Turn   | Place    | Note
-------+----------+-------------------------------------------
     0 | D:1      | DildoBatman the Formicid Conjurer began the quest for the
                  | Orb.
     0 | D:1      | Reached XP level 1. HP: 13/13 MP: 3/3
   176 | D:1      | Reached XP level 2. HP: 7/19 MP: 3/5
   179 | D:1      | Learned a level 2 spell: Searing Ray
   489 | D:1      | Reached XP level 3. HP: 24/24 MP: 2/6
   821 | D:2      | Reached XP level 4. HP: 30/30 MP: 5/7
  1238 | D:3      | Reached skill level 5 in Conjurations
  1239 | D:3      | Noticed a scorpion
  1257 | D:3      | Killed a scorpion
  1258 | D:3      | Reached XP level 5. HP: 35/35 MP: 0/8
  1369 | D:3      | Noticed Natasha
  1416 | D:3      | You fall into a shaft and drop 3 floors!
  1460 | D:6      | Reached XP level 6. HP: 23/41 MP: 2/10
  1573 | D:6      | Noticed an ice beast
  1579 | D:6      | Killed an ice beast
  1621 | D:6      | Gained mutation: You have large cloven feet. [potion of
                  | mutation]
  1621 | D:6      | Lost mutation: You have large cloven feet. [potion of
                  | mutation]
  1750 | D:6      | Learned a level 3 spell: Frozen Ramparts
  1784 | D:6      | Reached skill level 1 in Ice Magic
  1784 | D:6      | Reached XP level 7. HP: 46/46 MP: 7/13
  1840 | D:6      | Found a staircase to the Ecumenical Temple.
  1869 | Temple   | Entered the Ecumenical Temple
  2311 | Temple   | Became a worshipper of Kikubaaqudgha
  2392 | D:6      | Gained mutation: Your body sometimes deteriorates upon
                  | taking damage. [potion of mutation]
  2392 | D:6      | Gained mutation: Your body often deteriorates upon taking
                  | damage. [potion of mutation]
  2492 | D:6      | Reached skill level 5 in Spellcasting
  2578 | D:5      | Entered Level 5 of the Dungeon
  2709 | D:5      | Reached XP level 8. HP: 52/52 MP: 7/16
  2942 | D:4      | Reached * piety under Kikubaaqudgha
  2942 | D:4      | Received a gift from Kikubaaqudgha
  2983 | D:4      | Learned a level 3 spell: Vampiric Draining
  3021 | D:3      | Noticed Ijyb
  3027 | D:3      | Killed Ijyb
  3107 | D:3      | Killed Natasha
  3307 | D:3      | Found a blossoming altar of Fedhas.
  3307 | D:3      | Found an ornate altar of the Wu Jian Council.
  3337 | D:3      | Noticed Terence
  3346 | D:3      | Killed Terence
  3608 | D:3      | Reached skill level 1 in Necromancy
  3647 | D:3      | Reached skill level 5 in Ice Magic
  3714 | D:3      | Noticed Natasha
  3718 | D:3      | Killed Natasha
  3925 | D:3      | Noticed Natasha
  3931 | D:3      | Killed Natasha
  3949 | D:3      | Lost mutation: Your body often deteriorates upon taking
                  | damage. [potion of mutation]
  3949 | D:3      | Lost mutation: Your body sometimes deteriorates upon taking
                  | damage. [potion of mutation]
  3949 | D:3      | Gained mutation: You passively map a small area around you.
                  | [potion of mutation]
  3949 | D:3      | Gained mutation: Your system is resistant to poisons.
                  | (rPois) [potion of mutation]
  3981 | D:4      | Learned a level 3 spell: Mephitic Cloud
  4158 | D:4      | Reached ** piety under Kikubaaqudgha
  4292 | D:4      | Reached skill level 1 in Poison Magic
  4386 | D:5      | Reached skill level 1 in Air Magic
  4386 | D:5      | Reached XP level 9. HP: 57/57 MP: 13/19
  4445 | D:5      | Noticed Pikel
  4460 | D:5      | Killed Pikel
  5561 | D:7      | Reached skill level 5 in Poison Magic
  5567 | D:7      | Reached XP level 10. HP: 35/63 MP: 10/20
  6377 | D:8      | Reached *** piety under Kikubaaqudgha
  6377 | D:8      | Received a gift from Kikubaaqudgha
  6387 | D:8      | Reached skill level 5 in Necromancy
  6406 | D:8      | Learned a level 5 spell: Borgnjor's Vile Clutch
  6489 | D:8      | Found a sand-covered staircase.
  6569 | Ossuary  | Entered an ossuary
  6575 | Ossuary  | Learned a level 3 spell: Ignite Poison
  6669 | Ossuary  | Reached skill level 1 in Earth Magic
  6780 | Ossuary  | Reached **** piety under Kikubaaqudgha
  7455 | D:9      | Noticed Harold
  7470 | D:9      | Killed Harold
  7513 | D:9      | Reached XP level 11. HP: 31/68 MP: 9/21
  7516 | D:9      | Reached ***** piety under Kikubaaqudgha
  7517 | D:9      | Reached skill level 5 in Air Magic
  7534 | D:9      | HP: 2/67 [acid dragon/splash of acid (29)]
  7558 | D:9      | HP: 1/68 [yak (12)]
  7838 | D:9      | Reached skill level 5 in Earth Magic
  8381 | D:10     | Entered Level 10 of the Dungeon
  8408 | D:10     | Reached skill level 1 in Fighting
  8408 | D:10     | Reached skill level 1 in Armour
  8413 | D:10     | Learned a level 4 spell: Dispel Undead
  8430 | D:10     | Found a staircase to the Lair.
  8805 | D:10     | Noticed a two-headed ogre
  8845 | D:10     | Killed a two-headed ogre
  8947 | D:10     | Found a runed translucent gate.
  8948 | D:10     | Found a runed translucent gate.
  8948 | D:10     | Noticed Gabide's ghost (novice DrAr)
  8949 | D:10     | Found a runed translucent gate.
  8965 | D:10     | Got the Monograph on Imprecation
  9123 | D:11     | Noticed a deep elf pyromancer
  9215 | D:10     | Reached XP level 12. HP: 52/81 MP: 17/22
  9548 | D:11     | Noticed a two-headed ogre
  9561 | D:11     | Killed a two-headed ogre
  9598 | D:11     | Noticed a soul eater
  9754 | D:11     | Found a staircase to the Orcish Mines.
  9784 | Orc:1    | Entered Level 1 of the Orcish Mines
  9812 | Orc:1    | Reached ****** piety under Kikubaaqudgha
  9822 | Orc:1    | Received a gift from Kikubaaqudgha
  9823 | Orc:1    | Fell from the grace of Kikubaaqudgha
  9834 | Orc:1    | Reached skill level 10 in Earth Magic
 10029 | Temple   | Became a worshipper of Gozag Ym Sagoz the Greedy
 10072 | D:6      | You fall into a shaft and drop 3 floors!
 10076 | D:9      | You fall into a shaft and drop 3 floors!
 10109 | D:12     | Reached skill level 10 in Necromancy
 10147 | D:12     | Noticed Sonja
 10155 | D:12     | Killed Sonja
 10268 | D:12     | Noticed Frances
 10273 | D:12     | Noticed Snorg
 10282 | D:11     | HP: 4/80 [orc warrior/+0 battleaxe (16)]
 10289 | D:11     | Slain by a soul eater

Illustrated notes

Levels and vault maps discovered:
D:1:      saegor_arrival_miasma, layout_rooms, minmay_tromino_v4_a
D:2:      layout_loops_ring
D:3:      layout_basic, mainiacjoe_overflow_divided_tiny,
          minmay_misc_feat_enclosed, uniq_natasha, uniq_terence, uniq_ijyb
D:4:      layout_rooms
D:5:      layout_loops_ring, uniq_pikel
D:6:      layout_loops_corners, minmay_temple_entry_stoned_glass,
          grunt_ministairs_15
D:7:      layout_basic
D:8:      layout_loops_ring, nicolae_ossuary_entry_false_entrances
D:9:      layout_cave_pods, uniq_harold
D:10:     layout_long_grid, lair_entry_dummy, gammafunk_ghost_nasty_kobolds
D:11:     layout_cave_pods, orc_0_dummy, serial_demonic, serial_demonic_a,
          serial_demonic_f, serial_demonic_a, serial_demonic_d,
          serial_demonic_g, serial_demonic_d
D:12:     layout_loops_corners, uniq_frances, uniq_snorg, uniq_sonja
Temple:   mainiacjoe_temple_big_plus
Orc:1:    layout_caves, nicolae_volcano_entry_vermiform

Skill      XL: |  1  2  3  4  5  6  7  8  9 10 11 12 |
---------------+-------------------------------------+-----
Conjurations   | 4 5 6 |  6.0
Spellcasting   | 4 5 7 |  7.0
Ice Magic      | 1 3 5 6 8 |  8.0
Necromancy     | 1 4 6 8 10 | 10.4
Poison Magic   | 1 5 6 |  6.0
Air Magic      | 1 3 4 6 |  6.0
Earth Magic    | 3 7 10 | 10.6
Dodging        | 2 |  2.0
Fighting       | 3 |  3.0
Armour         | 3 |  3.0
Stealth        | |  2.4

Action                   |  1- 3 |  4- 6 |  7- 9 | 10-12 || total
-------------------------+-------+-------+-------+-------++-------
Melee: Club              |     9 |       |       |       ||     9
       Unarmed           |     4 |       |       |       ||     4
       Whip              |    11 |       |       |       ||    11
       Spear             |     4 |     4 |       |       ||     8
       Halberd           |       |       |    48 |       ||    48
       Dagger            |       |       |    28 |       ||    28
       Trident           |       |       |    14 |   293 ||   307
       Punch             |       |       |     1 |     5 ||     6
 Cast: Magic Dart        |    31 |    18 |    23 |    12 ||    84
       Searing Ray       |     4 |     8 |    44 |    39 ||    95
       Frozen Ramparts   |       |       |    14 |    43 ||    57
       Mephitic Cloud    |       |       |     1 |    45 ||    46
       Vampiric Draining |       |       |       |     9 ||     9
       Dispel Undead     |       |       |       |     4 ||     4
       Borgnjor's Vile C |       |       |       |     2 ||     2
       Ignite Poison     |       |       |       |     1 ||     1
Invok: Receive Forbidden |       |       |       |     1 ||     1
       Renounce Religion |       |       |       |     1 ||     1
 Abil: Dig               |       |     1 |       |     3 ||     4
       Shaft Self        |       |     1 |       |     2 ||     3
Evoke: Wand              |       |       |       |     3 ||     3
  Use: Scroll            |       |     6 |       |     6 ||    12
       Potion            |       |     1 |     2 |     7 ||    10
 Stab: Sleeping          |     1 |     1 |     3 |    14 ||    19
       Confused          |       |       |     1 |    27 ||    28
Armor: Robe              |     8 |       |    17 |    27 ||    52
       Ring mail         |       |       |     8 |       ||     8
       Acid dragon scale |       |       |       |    42 ||    42
Dodge: Dodged            |    29 |    13 |    84 |   145 ||   271
